details: 'This guy has many APMs! Just watch'

« prev index next »

General information

Mini Map

Players

team 1
Random» ABUSER-4-LIFE (red | 22744 APM | 5018 actions | 00:13)

» actions
Enter build submenu1
Select / deselect1
Use ability5016
5018 total
» buildings
Altar of Elders5016
5016 total
» build order
00:03 Altar of Elders
00:04 Altar of Elders
00:04 Altar of Elders
00:04 Altar of Elders
00:04 Altar of Elders
00:05 Altar of Elders
00:05 Altar of Elders
00:05 Altar of Elders
00:05 Altar of Elders
00:06 Altar of Elders
00:06 Altar of Elders
00:06 Altar of Elders
00:06 Altar of Elders
00:07 Altar of Elders
00:07 Altar of Elders
00:07 Altar of Elders
00:07 Altar of Elders
00:08 Altar of Elders
00:08 Altar of Elders
00:08 Altar of Elders
00:08 Altar of Elders
00:09 Altar of Elders
00:09 Altar of Elders
00:09 Altar of Elders
00:09 Altar of Elders
NightElfkratos.inc (yellow | 41 APM | 9 actions | 00:13)

» actions
Enter build submenu1
Right click3
Select / deselect4
Use ability1
9 total
» buildings
Altar of Elders1
1 total
» build order
00:12 Altar of Elders
Random» Orccharicolo (pink | 50 APM | 11 actions | 00:13)

» actions
Build / train2
Right click2
Select / deselect7
11 total
» units
Peon2
2 total
team 2
Random» Undeadboygotwood (teal | 18 APM | 4 actions | 00:12)

» actions
Build / train1
Right click1
Select / deselect2
4 total
» units
Acolyte1
1 total
Random» NightElfZON_NET_MOBILE (green | 14 APM | 5 actions | 00:21)

» actions
Build / train2
Right click1
Select / deselect2
5 total
» units
Wisp2
2 total
NightElfbnb.hazard (orange | 14 APM | 3 actions | 00:12)

» actions
Select / deselect3
3 total

Chat log

(00:12 / All) kratos.inc: qq